 Dungeon Crawl Stone Soup version 0.28.0 (webtiles) character file.

Game seed: 11263625593613004125

14708 browni3141 the Cleaver (level 11, -1/107 HPs)
             Began as a Minotaur Berserker on Feb 16, 2022.
             Was a High Priest of Trog.
             Slain by a troll (5 damage)
             ... led by an orc warlord
             ... on level 1 of the Orcish Mines.
             The game lasted 00:06:42 (9832 turns).

browni3141 the Cleaver (Minotaur Berserker)         Turns: 9832, Time: 00:06:43

Health: -1/107     AC: 17    Str: 26    XL:     11   Next: 92%
Magic:  10/10      EV:  8    Int:  4    God:    Trog [*****.]
Gold:   293        SH:  0    Dex: 10    Spells: 10/10 levels left

rFire   + . .      SeeInvis .   y - +4 battleaxe
rCold   . . .      Faith    .   (shield currently unavailable)
rNeg    . . .      Spirit   .   K - +0 plate armour
rPois   .          Reflect  .   (helmet restricted)
rElec   .          Harm     .   (no cloak)
rCorr   .          Rampage  .   (no gloves)
Will    .....                   I - +0 pair of boots
Stlth   ..........              j - amulet of regeneration
HPRegen 1.07/turn               w - ring of protection from fire
MPRegen 0.12/turn               (no ring)

@: on berserk cooldown, slowed, very slow
A: horns 2, retaliatory headbutt
a: Renounce Religion, Berserk, Trog's Hand, Brothers in Arms


You were on level 1 of the Orcish Mines.
You worshipped Trog.
Trog was extremely pleased with you.
You visited 2 branches of the dungeon, and saw 10 of its levels.

You collected 623 gold pieces.
You spent 330 gold pieces at shops.

Inventory:

Hand Weapons
 a - a +0 hand axe
 q - a +0 war axe
 y - a +4 battleaxe (weapon)
Missiles
 h - 3 curare-tipped darts (quivered)
Armour
 b - a +0 animal skin
 r - a +0 chain mail
 F - a +2 buckler
 I - a +0 pair of boots (worn)
 K - a +0 plate armour (worn)
Jewellery
 f - an amulet of the acrobat
 j - an amulet of regeneration (around neck)
 w - a ring of protection from fire (left hand)
 C - a ring of fire
 D - an amulet of reflection
 P - a ring of protection from cold
Wands
 x - a wand of charming (14)
 G - a wand of paralysis (4)
 H - a wand of acid (6)
 M - a wand of flame (5)
 N - a wand of iceblast (6)
Scrolls
 c - 4 scrolls of enchant weapon
 e - 3 scrolls of torment
 l - 2 scrolls of summoning
 o - 2 scrolls of vulnerability
 p - 3 scrolls of magic mapping
 s - 3 scrolls of enchant armour
 v - 4 scrolls of teleportation
 z - 3 scrolls of fear
 A - a scroll of blinking
 B - 3 scrolls of amnesia
 E - a scroll of noise {unknown}
 O - a scroll of fog {unknown}
Potions
 d - a potion of degeneration {unknown}
 g - a potion of invisibility {unknown}
 i - 5 potions of curing {unknown}
 k - 2 potions of might {unknown}
 m - 3 potions of magic {unknown}
 n - a potion of ambrosia {unknown}
 t - 3 potions of brilliance {unknown}
 u - 2 potions of heal wounds {unknown}
 J - a potion of flight {unknown}
 L - a potion of attraction {unknown}


   Skills:
 + Level 13.6 Fighting
 + Level 13.6 Axes
 + Level 13.4 Armour
 - Level 2.1 Dodging
 * Level 2.5 Evocations


You had 10 spell levels left.
You didn't know any spells.
Your spell library was empty.

Dungeon Overview and Level Annotations

Branches:
Dungeon (9/15)             Temple (0/1) D:4             Orc (1/2) D:9
   Lair: D:8-11

Altars:
Cheibriados
Elyvilon
Gozag
Sif Muna
Trog
Uskayaw
Xom
The Shining One

Shops:
D:2 [(*   D:8 ?

Annotations:
D:6 2 transporters, enile's ghost, novice DEFE


Innate Abilities, Weirdness & Mutations

You have a pair of horns on your head.
You reflexively headbutt those who attack you in melee.


Message History

You are exhausted.
You feel yourself slow down.
You hit the orc. You headbutt the orc.
You kill the orc!
Trog accepts your kill.
You completely miss the orc. The orc barely misses you.
You furiously retaliate!
You headbutt the orc, but do no damage. The orc hits you but does no damage.
The orc closely misses you.
Things that are here:
a +0 mace; a +0 plate armour You barely miss the troll.
You hit the orc but do no damage. The troll bites you but does no damage.
The troll claws you. The troll barely misses you.
The orc hits you but does no damage. The troll bites you.
The troll claws you but does no damage. x2
The troll bites you.
The troll claws you but does no damage. x2
The orc hits you but does no damage. The troll bites you.
* * * LOW HITPOINT WARNING * * *
The troll claws you.
* * * LOW HITPOINT WARNING * * *
The troll claws you but does no damage.
You are too injured to fight recklessly!
You are too injured to fight recklessly!
The orc hits you but does no damage.
Throw: 4 darts (curare)
Press: ? - help, Q - select action, (/) - cycle Shift-Dir - straight line, f - troll
Aim: a troll (63% to hit)
You throw a curare-tipped dart. The curare-tipped dart hits the troll.
The troll is poisoned.
The troll convulses.
The troll seems to slow down.
The troll is lightly wounded.
The troll bites you!
* * * LOW HITPOINT WARNING * * *
The troll claws you but does no damage. The troll claws you.
* * * LOW HITPOINT WARNING * * *
The troll bites you!
* * * LOW HITPOINT WARNING * * *
The troll claws you!
* * * LOW HITPOINT WARNING * * *
The troll claws you.
You die...

#.......###.......##
#........#.)<......#
##...#....#)...#...##
####..###.#..)))).# ..##
#....## ####...).## ...#
##....#####.)..).##
...$.
###...#....##)).)#......
#........##oTT)†....#
##.....#####@#).....#
##......# ###.....##
#.....## #......#
###.### .......# #.#
.......# ### ..#.#^...
..#####...


You could see 2 trolls and an orc (strong).

Vanquished Creatures
  An orc warlord (Orc:1)
  A hydra (D:8)
  A centaur warrior (D:8)
  2 two-headed ogres
  A tengu warrior (D:8)
  A skeletal warrior (D:8)
  An oklob plant (D:6)
  A cyclops (D:8)
  4 centaur zombies
  The ghost of enile the Skirmisher, a novice FoEE of Trog (D:3)
  Maggie (D:6)
  3 trolls
  A hornet (D:9)
  A shadow (D:8)
  A yak (D:9)
  A wraith (D:9)
  3 vampire mosquitoes (D:8)
  6 steam dragons
  3 wargs (Orc:1)
  2 water moccasins
  2 acid dragons (D:9)
  2 black bears
  2 ice beasts (D:6)
  2 hornet zombies (D:8)
  A necrophage (D:6)
  5 sky beasts
  8 orc warriors
  2 ogres
  4 centaurs
  A phantom (D:7)
  4 bullfrogs
  A gnoll sergeant (D:9)
  4 scorpions
  2 water moccasin zombies
  A wyvern skeleton (D:3)
  7 killer bees (D:9)
  14 wights
  2 howler monkeys
  A bullfrog zombie (D:6)
  4 hounds
  8 jellies
  A gnoll shaman (D:9)
  8 orc priests
  A bullfrog skeleton (D:3)
  An iron imp (D:3)
  Jessica (D:3)
  An iguana (D:4)
  9 orc wizards
  A howler monkey zombie (D:9)
  9 gnolls
  10 adders
  A shadow imp (D:8)
  A white imp (D:6)
  3 ufetubi
  An adder zombie (D:5)
  4 worms
  3 dart slugs
  32 orcs
  6 ball pythons
  5 bats (D:1)
  22 endoplasms
  7 giant cockroaches
  3 goblins
  9 hobgoblins
  3 jackals (D:2)
  8 quokkas
  3 frilled lizards
  8 kobolds
  4 rats
278 creatures vanquished.

Vanquished Creatures (others)
  4 fungi (D:6)
4 creatures vanquished.

Grand Total: 282 creatures vanquished

Notes
Turn   | Place    | Note
-------+----------+-------------------------------------------
     0 | D:1      | browni3141 the Minotaur Berserker began the quest for the
                  | Orb.
     0 | D:1      | Reached XP level 1. HP: 19/19 MP: 0/0
   173 | D:1      | Reached XP level 2. HP: 27/27 MP: 1/1
   570 | D:1      | Found a faded altar of an unknown god.
   941 | D:1      | Reached XP level 3. HP: 33/33 MP: 2/2
  1264 | D:2      | Found Vaoriv's Antique Armour Emporium.
  1554 | D:2      | Found Bappuh's Weapon Shop.
  1636 | D:2      | Reached ** piety under Trog
  1710 | D:2      | Found a shimmering blue altar of Sif Muna.
  1739 | D:2      | Found Foohos's Assorted Antiques.
  1850 | D:2      | Reached XP level 4. HP: 41/41 MP: 3/3
  2311 | D:3      | Reached skill level 5 in Fighting
  2311 | D:3      | Reached skill level 5 in Axes
  2311 | D:3      | Reached XP level 5. HP: 42/48 MP: 4/4
  2435 | D:3      | Found a transporter.
  2490 | D:3      | Noticed Jessica
  2492 | D:3      | Found a transporter.
  2496 | D:3      | Killed Jessica
  2656 | D:3      | Noticed enile's ghost (novice FoEE)
  3126 | D:3      | Found a snail-covered altar of Cheibriados.
  3682 | D:3      | Reached XP level 6. HP: 56/56 MP: 5/5
  3683 | D:3      | Reached skill level 5 in Armour
  3684 | D:3      | Killed enile's ghost
  3685 | D:3      | Reached XP level 7. HP: 64/64 MP: 6/6
  3824 | D:4      | Found a staircase to the Ecumenical Temple.
  4796 | D:5      | Entered Level 5 of the Dungeon
  4911 | D:5      | Reached *** piety under Trog
  4912 | D:5      | Reached XP level 8. HP: 71/73 MP: 7/7
  5317 | D:5      | Found a hide-covered altar of Uskayaw.
  5322 | D:5      | Found an opulent altar of Gozag.
  5609 | D:6      | Found a transporter.
  5610 | D:6      | Noticed enile's ghost (novice DEFE)
  5611 | D:6      | Found a transporter.
  5618 | D:6      | Identified the +1 great mace "Kefany" {vorpal, Fragile
                  | Dex+3 Stlth+}
  5663 | D:6      | Found a bloodstained altar of Trog.
  5676 | D:6      | Reached XP level 9. HP: 59/82 MP: 8/8
  5759 | D:6      | Noticed an oklob plant
  5859 | D:6      | Reached **** piety under Trog
  5908 | D:6      | Found a shimmering altar of Xom.
  5951 | D:6      | Noticed Maggie
  5962 | D:6      | Killed Maggie
  6101 | D:6      | Reached skill level 10 in Fighting
  6101 | D:6      | Reached skill level 10 in Axes
  6177 | D:6      | Reached skill level 10 in Armour
  6562 | D:6      | Killed an oklob plant
  6563 | D:6      | Reached XP level 10. HP: 94/94 MP: 9/9
  6925 | D:7      | Found a glowing golden altar of the Shining One.
  6926 | D:7      | Found a white marble altar of Elyvilon.
  7133 | D:8      | Found Qaexirgh's Magic Scroll Emporium.
  7137 | D:8      | Bought a scroll of identify for 28 gold pieces
  7137 | D:8      | Bought a scroll of identify for 28 gold pieces
  7137 | D:8      | Bought a scroll of identify for 28 gold pieces
  7203 | D:8      | Noticed a two-headed ogre
  7209 | D:8      | Killed a two-headed ogre
  7494 | D:8      | Noticed a cyclops
  7499 | D:8      | Killed a cyclops
  7555 | D:8      | Noticed a four-headed hydra
  7555 | D:8      | Noticed a centaur warrior
  7558 | D:8      | Noticed a tengu warrior
  7564 | D:8      | Killed a ten-headed hydra
  7568 | D:8      | Killed a centaur warrior
  7569 | D:8      | Reached XP level 11. HP: 68/104 MP: 10/10
  7580 | D:8      | Killed a tengu warrior
  7673 | D:8      | Noticed a skeletal warrior
  7687 | D:8      | Killed a skeletal warrior
  8258 | D:2      | Bought a scroll of teleportation for 57 gold pieces
  8258 | D:2      | Bought a pair of boots for 85 gold pieces
  8258 | D:2      | Bought a scroll of magic mapping for 66 gold pieces
  8258 | D:2      | Bought a scroll of identify for 38 gold pieces
  8548 | D:9      | Noticed a two-headed ogre
  8554 | D:9      | Killed a two-headed ogre
  8879 | D:9      | Found a staircase to the Orcish Mines.
  8890 | D:9      | Reached ***** piety under Trog
  9666 | Orc:1    | Entered Level 1 of the Orcish Mines
  9680 | Orc:1    | Reached skill level 1 in Evocations
  9803 | Orc:1    | Noticed an orc warlord
  9821 | Orc:1    | Killed an orc warlord
  9832 | Orc:1    | HP: 4/107 [troll[an orc warlord] (7)]
  9832 | Orc:1    | Slain by a troll

Illustrated notes

Levels and vault maps discovered:
D:1:      ncdulo_wetmaze, layout_loops_corners,
          dilly_ecumenical_altar_fadedgnrine
D:2:      layout_loops_ring, serial_shops, nicolae_shop_overgrown_old_shop,
          shop, nicolae_square_shop, basic_altar, grunt_ministairs_7
D:3:      layout_loops_ring, slow_altar_1, serial_aquarium,
          aquarium_bridge_square [aquarium_subvault_wall,
          aquarium_subvault_bridge, aquarium_subvault_wall,
          aquarium_subvault_bridge], aquarium_window_corridor_2,
          aquarium_window_1, aquarium_window_1, aquarium_window_corner,
          aquarium_view_2d, aquarium_balcony_3b, aquarium_pool_side,
          gammafunk_ghost_mausoleum, uniq_jessica
D:4:      minmay_evil_eye, layout_basic, minmay_temple_entry_stoned_glass
D:5:      layout_cave_pods, nicolae_overflow_squiral
D:6:      lemuel_slime, layout_loops_ring, mainiacjoe_overflow_small_starburst,
          mainiacjoe_overflow_cross_hatched, gammafunk_ghost_smash, uniq_maggie
D:7:      layout_basic, gammafunk_temple_overflow_pools, minivault_10,
          kennysheep_generic_room_6
D:8:      hangedman_cross_veins, layout_basic, serial_shops, nicolae_shop_trees,
          minivault_22, grunt_ministairs_10
D:9:      minmay_thinvault, layout_grid_maze, orc_0_dummy,
          kennysheep_big_empty_room, kennysheep_generic_room_8
Orc:1:    layout_diamond_mine, okawaru_metal_pillars_3

Skill      XL: |  1  2  3  4  5  6  7  8  9 10 11 |
---------------+----------------------------------+-----
Axes           | 4 5 6 7 8 10 12 13 | 13.6
Fighting       | 4 5 6 7 8 10 12 13 | 13.6
Armour         | 3 4 5 6 8 10 12 13 | 13.4
Evocations     | 2 |  2.5
Dodging        | |  2.1

Action                   |  1- 3 |  4- 6 |  7- 9 | 10-12 || total
-------------------------+-------+-------+-------+-------++-------
Melee: Hand axe          |    74 |    75 |       |       ||   149
       Headbutt          |    14 |    12 |    47 |    61 ||   134
       Punch             |       |     2 |     3 |       ||     5
       War axe           |       |     7 |   209 |       ||   216
       Battleaxe         |       |       |    20 |   268 ||   288
Throw: Dart              |       |       |       |     1 ||     1
Invok: Berserk           |       |     3 |     4 |     8 ||    15
  Use: Scroll            |       |       |       |    10 ||    10
 Stab: Sleeping          |       |     2 |       |       ||     2
       Distracted        |       |       |     1 |       ||     1
Armor: Animal skin       |    12 |    10 |       |       ||    22
       Chain mail        |       |     5 |   148 |   100 ||   253
       Plate armour      |       |       |       |    60 ||    60
Dodge: Dodged            |    45 |    55 |   123 |   116 ||   339
